 Dungeon Crawl Stone Soup version 0.18-a0-888-gdb73dea (webtiles) character file.

101 cluie the Chiller (level 4, 0/33 HPs)
             Began as a Demonspawn Ice Elementalist on Dec 23, 2015.
             Slain by an orc
             ... wielding a +0 short sword
              (9 damage)
             ... on level 3 of the Dungeon.
             The game lasted 00:03:31 (2061 turns).

cluie the Chiller (Demonspawn Ice Elementalist)     Turns: 2061, Time: 00:03:32

Health: 0/33       AC:  3    Str:  8    XL:     4   Next: 48%
Magic:  0/7        EV: 12    Int: 17    God:
Gold:   146        SH:  0    Dex: 14    Spells: 2 memorised, 4 levels left

rFire  . . .     SeeInvis .     g - +0 rapier
rCold  . . .     Gourm    .     a - +0 robe
rNeg   . . .     Faith    .     (no shield)
rPois  .         Spirit   +     (no helmet)
rElec  .         Dismiss  .     i - +0 cloak
rCorr  .         Reflect  .     (no gloves)
SustAt .         Harm     +     (no boots)
MR     .....                    l - amulet of harm
Stlth  ++........               (no ring)
                                (no ring)

@: very slightly contaminated, not resistant to hostile enchantments, unstealthy
A: talons 1, magic shield
a: no special abilities


You were on level 3 of the Dungeon.
You were not hungry.

You visited 1 branch of the dungeon, and saw 3 of its levels.

You collected 146 gold pieces.

Inventory:

Hand Weapons
 g - a +0 rapier (weapon)
Missiles
 e - 3 javelins (quivered)
Armour
 a - a +0 robe (worn)
 i - a +0 cloak (worn)
Jewellery
 l - an amulet of harm (around neck)
Wands
 d - a wand of slowing (37/48)
Scrolls
 n - a scroll of enchant armour {unknown}
 o - a scroll of recharging {unknown}
 p - a scroll of enchant weapon
 t - a scroll of remove curse {unknown}
Potions
 f - 2 potions of heal wounds
 h - a potion of brilliance
 j - 2 potions of might
 m - a potion of curing
 r - a potion of resistance {unknown}
 s - 2 potions of poison {unknown}
Books
 b - a book of Frost

   Spells                             Type                      Level
   a - Freeze                         Ice                          1
   b - Throw Frost                    Conjuration/Ice              2
   c - Ozocubu's Armour               Charms/Ice                   3
   d - Throw Icicle                   Conjuration/Ice              4
   e - Summon Ice Beast               Ice/Summoning                4
   f - Condensation Shield            Ice                          4
Comestibles
 c - 3 bread rations
 k - a meat ration
 q - 3 fruits


   Skills:
 + Level 2.0 Fighting
 + Level 2.2 Dodging
 - Level 1.7 Stealth
 + Level 2.5 Spellcasting
   Level 1.0 Conjurations
 * Level 3.7 Ice Magic


You had 4 spell levels left.
You knew the following spells:

 Your Spells              Type           Power        Failure   Level  Hunger
a - Freeze                Ice            ##..         4%          1    #......
b - Ozocubu's Armour      Chrm/Ice       #.......     24%         3    ###....


Dungeon Overview and Level Annotations

Branches:
Dungeon (3/15)

Altars:


Innate Abilities, Weirdness & Mutations

You have sharp toenails.
When hurt, damage is shared between your health and your magic reserves.


Message History

You open the door. The orc barely misses you.
There is an open door here.
Casting: Freeze
Confirm with . or Enter, or press ? or * to list all spells.
Aiming: Freeze
Press: ? - help, Shift-Dir - straight line, f - orc, p - orc
Aim: an orc, wielding a short sword You freeze the orc.
The orc is moderately wounded.
The orc hits you with a short sword.
* * * LOW HITPOINT WARNING * * *
Casting: Freeze
Confirm with . or Enter, or press ? or * to list all spells.
Aiming: Freeze
Press: ? - help, Shift-Dir - straight line, f/p - orc
Aim: an orc, wielding a short sword (moderately wounded)
You freeze the orc.
The orc is severely wounded.
The orc hits you with a short sword!
You die...

#.## # ###.(######## #
#...........# #
####...#...oo..# #
#......#.....).## #
#......###o###(l# #
#........#K#..(K# #
+......##o##....# #
#......#@#.............
####
#....###.###...##l.....
...# #..........#...#
...... ##.#
#..........#..... .....
#.######...[..........##
.....
#.............##.#....#
.... ###############
.##.#. .... .# .#


You could see 4 orcs and a kobold.

Vanquished Creatures
  A crimson imp (D:3)
  2 adders (D:2)
  2 oozes
  5 orcs (D:3)
  A giant cockroach (D:2)
  5 goblins
  4 hobgoblins
  3 jackals (D:1)
  5 kobolds
  4 bats (D:1)
  2 giant newts
  5 rats
39 creatures vanquished.

Notes
Turn   | Place    | Note
--------------------------------------------------------------
     0 | D:1      | cluie the Demonspawn Ice Elementalist began the quest for the Orb.
     0 | D:1      | Reached XP level 1. HP: 13/13 MP: 3/3
   286 | D:1      | Gained mutation: When hurt, damage is shared between your health and your magic reserves. [demonic ancestry]
   286 | D:1      | Reached XP level 2. HP: 20/20 MP: 3/5
   336 | D:1      | Reached skill level 1 in Fighting
   340 | D:1      | Reached skill level 3 in Ice Magic
   836 | D:2      | Gained mutation: You have sharp toenails. [demonic ancestry]
   836 | D:2      | Reached XP level 3. HP: 14/26 MP: 1/6
  1509 | D:2      | Learned a level 3 spell: Ozocubu's Armour
  1783 | D:3      | Reached XP level 4. HP: 33/33 MP: 5/7
  2061 | D:3      | Slain by an orc

Vault maps used:
D:1:      lemuel_arrival_rhombus, st_stairs_3
D:3:      zin_treasury, serial_curves, eino_curves_03, eino_curves_01,
          first_bread, roderic_bali_sauvastika

Action                   |  1- 3 |  4- 6 || total
-------------------------+-------+-------++-------
Melee: Unarmed           |     8 |       ||     8
       Spear             |    73 |       ||    73
       Rapier            |    31 |     5 ||    36
 Cast: Freeze            |    26 |    10 ||    36
  Use: Scroll            |     9 |       ||     9
 Stab: Sleeping          |     5 |     1 ||     6
  Eat: Chunk             |     3 |     1 ||     4
